 Dungeon Crawl Stone Soup version 0.29.1-15-g9cfb28693d (webtiles) character file.

Game seed: 17021561930062212908

12534 Edyrem the Fighter (level 11, -12/166 HPs)
             Began as a Minotaur Berserker on May 1, 2023.
             Was a High Priest of Trog.
             Killed by mirror damage (17 damage)
             ... on level 11 of the Dungeon.
             The game lasted 00:24:12 (11942 turns).

Edyrem the Fighter (Minotaur Berserker)            Turns: 11942, Time: 00:24:12

Health: -12/166    AC: 15    Str: 30    XL:     11   Next: 63%
Magic:  0/3        EV: 12    Int:  4    God:    Trog [*****.]
Gold:   539        SH:  0    Dex: 11    Spells: 10/10 levels left

rFire   . . .      SeeInvis +   b - +2 morningstar (antimagic)
rCold   . . .      Faith    .   (no shield)
rNeg    . . .      Spirit   .   u - +4 leather armour "Latiaz" {rPois Str+5}
rPois   +          Reflect  .   R - +2 hat
rElec   .          Harm     .   (no cloak)
rCorr   .          Rampage  .   (no gloves)
Will    .....                   l - +0 pair of boots
Stlth   ..........              (no amulet)
HPRegen 0.37/turn               w - +4 ring of protection
MPRegen 0.08/turn               E - ring of see invisible

@: berserking, very quick
A: horns 2, retaliatory headbutt
a: Renounce Religion, Berserk, Trog's Hand, Brothers in Arms


You were on level 11 of the Dungeon.
You worshipped Trog.
Trog was extremely pleased with you.
You visited 1 branch of the dungeon, and saw 11 of its levels.

You collected 571 gold pieces.
You spent 32 gold pieces at shops.

Inventory:

Hand Weapons
 a - a +0 war axe
 b - a +2 antimagic morningstar (weapon)
 T - a +0 arbalest
Missiles
 c - 93 stones
 f - 14 boomerangs
 y - 50 poisoned darts (quivered)
 K - 3 curare-tipped darts
 L - 3 silver boomerangs
 M - a throwing net
Armour
 l - a +0 pair of boots (worn)
 u - the +4 leather armour "Latiaz" (worn) {rPois Str+5}
   (You found it on level 5 of the Dungeon)

   Str:       It affects your strength (+5).
   rPois:     It protects you from poison.
 O - +0 steam dragon scales
 R - a +2 hat (worn)
Jewellery
 h - an amulet of guardian spirit
 w - a +4 ring of protection (left hand)
 E - a ring of see invisible (right hand)
 P - a ring of magical power
 Q - a ring of resist corrosion
Wands
 q - a wand of charming (11)
 s - a wand of flame (11)
 H - a wand of roots (8)
 S - a wand of polymorph (9)
 V - a wand of quicksilver (3)
 W - a wand of mindburst (4)
Scrolls
 d - 7 scrolls of teleportation
 g - a scroll of vulnerability {unknown}
 i - 2 scrolls of magic mapping {unknown}
 j - 3 scrolls of fog
 k - 5 scrolls of identify {@r1}
 p - 3 scrolls of enchant weapon {unknown}
 r - a scroll of torment {unknown}
 v - a scroll of summoning {unknown}
 B - a scroll of fear {unknown}
 D - a scroll of blinking {unknown}
 F - 3 scrolls of immolation {unknown}
 J - a scroll of brand weapon {unknown}
 N - a scroll of noise {unknown}
Potions
 e - 2 potions of haste
 m - a potion of flight {unknown}
 n - 4 potions of invisibility
 o - a potion of resistance {unknown}
 t - 2 potions of heal wounds {unknown}
 x - a potion of lignification {unknown}
 z - 5 potions of curing {@q2}
 A - 3 potions of berserk rage {unknown}
 C - 2 potions of brilliance {unknown}
 G - 2 potions of attraction {unknown}
 I - 2 potions of might
 U - a potion of cancellation {unknown}


   Skills:
 * Level 14.8 Fighting
 * Level 14.8 Axes
 + Level 9.3 Armour
 - Level 2.1 Dodging


You had 10 spell levels left.
You didn't know any spells.
Your spell library was empty.

Dungeon Overview and Level Annotations

Branches:
Dungeon (11/15)            Temple (0/1) D:6             Orc (0/2) D:9
   Lair: D:8-11

Altars:
Dithmenos
Gozag
Hepliaklqana
Kikubaaqudgha
Okawaru
Trog
Uskayaw
Wu Jian
Xom

Shops:
D:8 ?


Innate Abilities, Weirdness & Mutations

You have a pair of horns on your head.
You reflexively headbutt those who attack you in melee.


Message History

W - a wand of mindburst (4) HP restored.
You see here a yak corpse.
You now have 539 gold pieces (gained 13).
k - 5 scrolls of identify {@r1} (gained 1)
A death knight comes into view.
It is wielding a +4 antimagic battleaxe.
You feel magic leave you.
b - a +2 antimagic morningstar (weapon)
The death knight offers itself to Yredelemnul, and fills with unholy energy.
You hit the death knight.
The death knight is lightly wounded.
The death knight reflects your damage back at you!
The death knight hits you with a +4 antimagic battleaxe!
You feel your power leaking away.
You puncture the death knight!
The death knight is moderately wounded.
The death knight reflects your damage back at you!
The death knight hits you with a +4 antimagic battleaxe!
You hit the death knight but do no damage.
The death knight is moderately wounded.
The death knight hits you with a +4 antimagic battleaxe!
You impale the death knight!! You headbutt the death knight!
The death knight is severely wounded.
The death knight reflects your damage back at you!
The death knight hits you with a +4 antimagic battleaxe!
* * * LOW HITPOINT WARNING * * *
A red film seems to cover your vision as you go berserk!
You feel yourself moving faster!
You feel mighty!
The death knight hits you with a +4 antimagic battleaxe!!
* * * LOW HITPOINT WARNING * * *
You closely miss the death knight.
The death knight is severely wounded.
The death knight hits you with a +4 antimagic battleaxe!
* * * LOW HITPOINT WARNING * * *
You barely miss the death knight.
The death knight is severely wounded.
You bludgeon the death knight!! You headbutt the death knight!
The death knight is almost dead.
The death knight reflects your damage back at you!
You die...

##.....#.....#.<.......
##...................#..
#................#...#
#...............##...#
#........††.....# #....
#...............# #.###.
#...............# #.#
##..............###.#
##....}#.....#.@p..#
#########...#####.#
##### #.## #..# ##..#
#..... #.......
#........ #........


You could see a death knight (reflects damage).

Vanquished Creatures
  3 two-headed ogres
  An unseen horror (D:9)
  A kobold demonologist (D:8)
  A hornet (D:8)
  Grinder (D:3)
  A shadow (D:10)
  A wraith (D:10)
  34 yaks
  A wyvern (D:9)
  A basilisk (D:11)
  2 steam dragons
  4 water moccasins
  2 ice beasts
  3 orc warriors
  4 black bears
  3 ogres
  A centaur (D:8)
  9 kobold brigands (D:8)
  Blork the orc (D:4)
  A bullfrog (D:7)
  2 gnoll sergeants (D:8)
  5 scorpions
  9 killer bees
  A howler monkey (D:10)
  A quasit (D:4)
  A gnoll bouda (D:8)
  A jelly (D:6)
  2 orc priests (D:9)
  A hound (D:5)
  Jessica (D:2)
  Terence (D:2)
  Natasha (thrice) (D:2)
  5 iguanas
  4 orc wizards (D:8)
  16 gnolls
  11 adders
  5 shadow imps
  2 ufetubi
  2 worms
  A dart slug (D:1)
  36 orcs
  9 bats
  A bat zombie (D:6)
  9 endoplasms
  7 giant cockroaches
  4 goblins
  6 hobgoblins
  6 jackals
  16 kobolds
  4 quokkas
  3 ball pythons
  3 frilled lizards
  8 rats
  A rat zombie (D:6)
262 creatures vanquished.

Vanquished Creatures (others)
  4 demonic plants (D:4)
4 creatures vanquished.

Grand Total: 266 creatures vanquished

Notes
Turn   | Place    | Note
-------+----------+-------------------------------------------
     0 | D:1      | Edyrem the Minotaur Berserker began the quest for the Orb.
     0 | D:1      | Reached XP level 1. HP: 19/19 MP: 0/0
   229 | D:1      | Reached XP level 2. HP: 18/27 MP: 1/1
  1032 | D:2      | Reached XP level 3. HP: 28/34 MP: 2/2
  1207 | D:2      | Noticed Natasha
  1213 | D:2      | Killed Natasha
  1214 | D:2      | Reached XP level 4. HP: 41/41 MP: 3/3
  1215 | D:2      | Reached skill level 5 in Fighting
  1286 | D:2      | Noticed Jessica
  1291 | D:2      | Reached skill level 5 in Axes
  1295 | D:2      | Killed Jessica
  1422 | D:2      | Reached ** piety under Trog
  1642 | D:2      | Noticed Natasha
  1648 | D:2      | Killed Natasha
  1649 | D:2      | Reached XP level 5. HP: 48/48 MP: 4/4
  1754 | D:2      | Noticed Natasha
  1763 | D:2      | Killed Natasha
  1936 | D:2      | Found a faded altar of an unknown god.
  2029 | D:2      | Noticed Terence
  2034 | D:2      | Killed Terence
  2331 | D:3      | Noticed Grinder
  2341 | D:3      | Killed Grinder
  2342 | D:3      | Reached XP level 6. HP: 58/58 MP: 1/5
  2452 | D:3      | Found a shimmering altar of Xom.
  3322 | D:3      | Found a hazy altar of Hepliaklqana.
  3457 | D:4      | Noticed Blork the orc
  3464 | D:4      | Killed Blork the orc
  3464 | D:4      | Reached *** piety under Trog
  3465 | D:4      | Reached XP level 7. HP: 60/66 MP: 2/6
  3516 | D:4      | Found an ornate altar of the Wu Jian Council.
  3529 | D:4      | Found a bloodstained altar of Trog.
  4860 | D:5      | Entered Level 5 of the Dungeon
  5237 | D:5      | Identified the +4 leather armour "Latiaz" {rPois Str+5}
  5306 | D:5      | Reached XP level 8. HP: 69/75 MP: 2/7
  5751 | D:6      | Found a hide-covered altar of Uskayaw.
  5771 | D:6      | Reached **** piety under Trog
  5906 | D:6      | Found a staircase to the Ecumenical Temple.
  6209 | D:6      | Found an ancient bone altar of Kikubaaqudgha.
  6577 | D:7      | Found an iron altar of Okawaru.
  6577 | D:7      | Found an opulent altar of Gozag.
  6715 | D:7      | Reached skill level 10 in Fighting
  6715 | D:7      | Reached skill level 10 in Axes
  6907 | D:7      | Reached XP level 9. HP: 85/85 MP: 2/8
  7030 | D:7      | Reached skill level 5 in Armour
  8115 | D:8      | Found Taceagow's Magic Scroll Shop.
  8132 | D:8      | Bought a scroll of identify for 32 gold pieces
  8239 | D:8      | Reached XP level 10. HP: 85/97 MP: 3/9
  8487 | D:8      | Paralysed by a hornet for 3 turns
  8703 | D:8      | Noticed a smoke demon
  8899 | D:8      | Reached ***** piety under Trog
  9595 | D:9      | Noticed a two-headed ogre
  9600 | D:9      | Killed a two-headed ogre
  9661 | D:9      | Found a staircase to the Orcish Mines.
  9772 | D:9      | Reached XP level 11. HP: 52/107 MP: 3/10
 10376 | D:9      | Noticed a two-headed ogre
 10386 | D:9      | Killed a two-headed ogre
 10603 | D:10     | Entered Level 10 of the Dungeon
 10618 | D:10     | Found a shadowy altar of Dithmenos.
 10794 | D:10     | Noticed a two-headed ogre
 10798 | D:10     | Killed a two-headed ogre
 11922 | D:11     | Noticed a death knight
 11940 | D:11     | HP: 5/166 [death knight/+4 antimagic battleaxe (17)]
 11942 | D:11     | Killed by mirror damage

Illustrated notes

Levels and vault maps discovered:
D:1:      lemuel_arrival_cross, layout_rooms, minmay_stone_trees_large,
          roderic_serpentine_path
D:2:      layout_loops_ring, dreamdust_ecumenical_altar_hidden_monk_grotto,
          hangedman_glass_teeth, uniq_jessica, uniq_natasha, uniq_terence
D:3:      layout_basic, nicolae_hepliaklqana_hippocampus, lemuel_round_altar,
          kennysheep_big_empty_room, uniq_grinder
D:4:      layout_basic, mainiacjoe_overflow_catwalk_spiral, serial_demonic,
          serial_demonic_b, serial_demonic_g, serial_demonic_b,
          serial_demonic_g, uniq_blork_the_orc
D:5:      layout_rooms
D:6:      layout_basic, nicolae_uskayaw_dance_hall,
          lemuel_zombie_altar_kikubaaqudgha, minmay_temple_entry_trees
D:7:      layout_basic, gammafunk_temple_overflow_elements
D:8:      layout_loops_ring, special_room [special_room_kobold], serial_shops,
          shop
D:9:      layout_small_grid, orc_0_dummy
D:10:     layout_loops_ring, nicolae_dithmenos_shadow_blocks
D:11:     layout_rooms, lair_entry_dummy, minivault_27,
          cheibrodos_ashenzari_chains

Skill      XL: |  1  2  3  4  5  6  7  8  9 10 11 |
---------------+----------------------------------+-----
Fighting       | 4 5 6 7 8 10 11 13 14 | 14.8
Axes           | 4 5 6 7 8 10 11 13 14 | 14.8
Armour         | 3 4 6 8 9 |  9.3
Dodging        | |  2.1

Action                   |  1- 3 |  4- 6 |  7- 9 | 10-12 || total
-------------------------+-------+-------+-------+-------++-------
Melee: Hand axe          |    76 |    58 |       |       ||   134
       Headbutt          |     9 |    16 |    34 |    58 ||   117
       Punch             |       |     2 |     2 |     1 ||     5
       Morningstar       |       |    53 |   244 |    64 ||   361
       War axe           |       |       |       |   151 ||   151
Invok: Berserk           |     1 |     2 |     2 |     6 ||    11
       Trog's Hand       |       |       |     1 |       ||     1
  Use: Scroll            |       |       |     7 |     1 ||     8
Armor: Animal skin       |     5 |       |       |       ||     5
       Ring mail         |    11 |     8 |       |       ||    19
       Chain mail        |       |    40 |    38 |       ||    78
       Leather armour    |       |       |    98 |    83 ||   181
Dodge: Dodged            |    45 |    48 |   164 |   125 ||   382
